 Dungeon Crawl Stone Soup version 0.30-a0-591-g3c58d2bc28 (webtiles) character file.

Game seed: 9423724818990672948

1242 Gazorpazorpfield the Magician (level 8, -7/54 HPs)
             Began as a Djinni Fire Elementalist on Jan 4, 2023.
             Was an Initiate of Makhleb.
             Shot with an arrow by a centaur (9 damage)
             ... on level 6 of the Dungeon.
             The game lasted 00:16:04 (5791 turns).

Gazorpazorpfield the Magician (DjFE)                Turns: 5791, Time: 00:16:05

Health: -7/54      AC:  3    Str:  7    XL:     8   Next: 78%
Gold:   342        EV: 14    Int: 18    God:    Makhleb [......] SH:  0 Dex: 15

rFire   + + +      SeeInvis .    p - staff of fire
rCold   x . .      Faith    .    (no shield)
rNeg    . . .      Spirit   .    v - +0 robe {Will+}
rPois   ∞          Reflect  .    (no helmet)
rElec   .          Harm     .    (no cloak)
rCorr   .          Rampage  .    s - +0 pair of gloves
Will    +....                    (boots unavailable)
Stlth   ++                       A - amulet of the acrobat
HPRegen 0.29/turn                (no ring)
MPRegen 0.00/turn                (no ring)

@: flying
A: sickness immunity, fire resistance 2, cold vulnerability 1, float, innate
caster, HP casting, extra vitality 1
a: Renounce Religion


You were on level 6 of the Dungeon.
You worshipped Makhleb.
Makhleb was noncommittal.
You visited 2 branches of the dungeon, and saw 7 of its levels.

You collected 342 gold pieces.

Inventory:

Hand Weapons
 e - a +0 dagger
Armour
 a - a +0 robe
 s - a +0 pair of gloves (worn)
 v - a +0 robe of willpower (worn)
Magical Staves
 p - a staff of fire (weapon)
Jewellery
 l - a ring of resist corrosion
 w - an amulet of the acrobat
 A - an amulet of the acrobat (around neck)
Wands
 k - a wand of mindburst (17)
 o - a wand of quicksilver (13)
 t - a wand of charming (9)
Scrolls
 c - a scroll of fear
 d - 5 scrolls of identify {unknown}
 h - 2 scrolls of noise {unknown}
 i - 2 scrolls of enchant armour {unknown}
 j - 2 scrolls of silence {unknown}
 m - a scroll of teleportation
 q - 2 scrolls of poison {unknown}
 r - a scroll of enchant weapon {unknown}
 y - 2 scrolls of vulnerability {unknown}
 z - a scroll of immolation {unknown}
 C - a scroll of brand weapon {unknown}
 D - a scroll of magic mapping {unknown}
Potions
 b - a potion of magic
 f - 2 potions of brilliance {unknown}
 g - a potion of curing {unknown}
 n - a potion of attraction {unknown}
 u - a potion of flight {unknown}
 x - a potion of might {unknown}
 B - a potion of resistance {unknown}


   Skills:
 + Level 1.8 Fighting
 + Level 4.5 Dodging
 + Level 3.1 Stealth
 + Level 6.9 Spellcasting


You had 2 spell levels left.
You knew the following spells:

 Your Spells              Type           Power      Damage    Failure   Level
a - Foxfire               Conj/Fire      100%       2x1d9     1%          1
b - Scorch                Fire           92%        2d10      1%          2
c - Kindle Blastsparks    Fire/Tloc/Air  92%        2d17      1%          3
d - Inner Flame           Hex/Fire       46%        N/A       1%          3
e - Flame Wave            Conj/Fire      46%        2d12      6%          4
f - Sting                 Tmut/Pois      100%       1d8       1%          1
g - Searing Ray           Conj           62%        2d6       1%          2
h - Static Discharge      Conj/Air       62%        2-5/arc   1%          2
Your spell library was empty.

Dungeon Overview and Level Annotations

Branches:
Dungeon (6/15)             Temple (1/1) D:5

Altars:
Ashenzari
Cheibriados
Dithmenos
Fedhas
Gozag
Hepliaklqana
Makhleb
Nemelex Xobeh
Okawaru
Ru
Trog
Wu Jian
The Shining One

Annotations:
D:6 Maggie


Innate Abilities, Weirdness & Mutations

You are immune to sickness and miasma.
You are immune to poison.
Your flesh is very heat resistant. (rF++)
You are vulnerable to cold. (rC-)
You float through the air rather than walking.
You learn spells naturally, not from books.
Your magical power is your life essence.
You have superior vitality. (+4 MHP)


Message History

You kill the orc priest!
Makhleb accepts your kill.
The centaur shoots an arrow.
The arrow hits you!
The centaur shoots an arrow.
The arrow barely misses you. The orc barely misses you.
The white imp gestures at you. The puff of frost hits you!
You feel a terrible chill!
* * * LOW HITPOINT WARNING * * *
You hear a shout!
The orc attacks as you move away! The orc barely misses you.
The centaur shoots an arrow.
The arrow completely misses you.
A scorpion comes into view.
Casting: Scorch (safe; 1% risk of failure)
Confirm with . or Enter, or press ? or * to list all spells.
You feel a surge of power!
You conjure some foxfire!
* * * LOW HITPOINT WARNING * * *
The orc hits you with a +0 club.
* * * LOW HITPOINT WARNING * * *
Casting: Foxfire (safe; 1% risk of failure)
Confirm with . or Enter, or press ? or * to list all spells.
You feel a surge of power!
You conjure some foxfire!
* * * LOW HITPOINT WARNING * * *
The foxfire hits the white imp.
The white imp is burned terribly!
The white imp is heavily wounded.
The foxfire hits the white imp!
The white imp is burned terribly!
You kill the white imp!
Makhleb accepts your kill.
The centaur shoots an arrow.
The arrow barely misses you. The orc misses you.
Casting: Foxfire (safe; 1% risk of failure)
Confirm with . or Enter, or press ? or * to list all spells.
You feel a surge of power!
You conjure some foxfire!
* * * LOW HITPOINT WARNING * * *
The foxfire hits the orc but does no damage.
The foxfire hits the scorpion.
The scorpion is moderately wounded.
The centaur shoots an arrow.
The arrow hits you!
* * * LOW HITPOINT WARNING * * *
The foxfire hits the scorpion.
The scorpion is heavily wounded.
The centaur shoots an arrow.
The arrow hits you!
You die...

.....#####.. .
..c.....# .
@.##.#..# ..
v.##.##..# ####.
§.......... ....
........... #..#
####..##
#.#####..# ..#
##..c...s.###
..#......†.@v..#
.#......)o....#
.......)....#
............#
............#
####.###..### #.
#### #


You could see a centaur, a scorpion and an orc (ally target).

Vanquished Creatures
  2 ice beasts (D:5)
  A black bear (D:5)
  An ogre (D:5)
  A phantom (D:6)
  4 scorpions
  A hound (D:4)
  A jelly (D:6)
  An orc priest (D:6)
  3 iguanas
  Natasha (thrice) (D:4)
  3 orc wizards
  3 gnolls (D:2)
  13 adders
  A white imp (D:6)
  An ufetubus (D:4)
  2 worms
  A dart slug (D:3)
  10 orcs
  12 ball pythons
  6 endoplasms
  3 giant cockroaches
  5 goblins
  5 hobgoblins
  2 jackals (D:3)
  5 quokkas
  5 bats
  4 frilled lizards
  8 kobolds
  5 rats
112 creatures vanquished.

Vanquished Creatures (others)
  360 foxfires
360 creatures vanquished.

Grand Total: 472 creatures vanquished

Notes
Turn   | Place    | Note
-------+----------+-------------------------------------------
     0 | D:1      | Gazorpazorpfield the Djinni Fire Elementalist began the
                  | quest for the Orb.
     0 | D:1      | Gazorpazorpfield set off with the following spells
                  | memorised: Foxfire, Scorch, Kindle Blastsparks, Inner
                  | Flame, Flame Wave.
     0 | D:1      | Reached XP level 1. HP: 15/15 MP: 0/0
   238 | D:1      | Reached XP level 2. HP: 15/21 MP: 0/0
   670 | D:1      | Reached skill level 3 in Spellcasting
   730 | D:1      | Reached XP level 3. HP: 24/25 MP: 0/0
   730 | D:1      | Learned a level 1 spell: Sting
  1423 | D:2      | Reached XP level 4. HP: 29/31 MP: 0/0
  1661 | D:2      | Reached XP level 5. HP: 34/35 MP: 0/0
  1661 | D:2      | Learned a level 2 spell: Searing Ray
  2052 | D:3      | Reached skill level 4 in Spellcasting
  2935 | D:4      | Reached XP level 6. HP: 11/41 MP: 0/0
  3171 | D:4      | Noticed Natasha
  3176 | D:4      | Killed Natasha
  3187 | D:4      | Noticed Natasha
  3198 | D:4      | Killed Natasha
  3319 | D:4      | Noticed Natasha
  3326 | D:4      | Killed Natasha
  3327 | D:4      | Reached skill level 1 in Fighting
  3594 | D:4      | Reached skill level 5 in Spellcasting
  3597 | D:4      | Reached XP level 7. HP: 45/47 MP: 0/0
  3597 | D:4      | Learned a level 2 spell: Static Discharge
  3776 | D:5      | Entered Level 5 of the Dungeon
  4265 | D:5      | Reached skill level 6 in Spellcasting
  4265 | D:5      | Reached XP level 8. HP: 44/52 MP: 0/0
  4453 | D:5      | Identified the +1 leather armour of Omme {rC+}
  4718 | D:5      | Found a staircase to the Ecumenical Temple.
  4725 | Temple   | Entered the Ecumenical Temple
  4738 | Temple   | Became a worshipper of Makhleb the Destroyer
  5435 | D:6      | Found a hazy altar of Hepliaklqana.
  5566 | D:6      | Found an iron altar of Okawaru.
  5761 | D:6      | Found a broken altar of Ashenzari.
  5761 | D:6      | Noticed Maggie
  5791 | D:6      | HP: 2/54 [centaur/arrow (9)]
  5791 | D:6      | Shot with an arrow by a centaur

Illustrated notes

Levels and vault maps discovered:
D:1:      matt_arrival_grand_opening, layout_basic
D:2:      minmay_general_purpose_star, layout_basic
D:3:      layout_loops_corners
D:4:      layout_gridville, uniq_natasha
D:5:      minmay_inner_zag, layout_basic
D:6:      layout_gridville, evilmike_ruin_ashenzari,
          worldfamousw_hep_ancestral_shrine, mainiacjoe_overflow_alcove_2,
          minmay_misc_feat_hallway, uniq_maggie
Temple:   dpeg_three_leaves_temple

Skill      XL: |  1  2  3  4  5  6  7  8 |
---------------+-------------------------+-----
Spellcasting   | 3 4 5 6 |  6.9
Stealth        | 2 3 |  3.1
Dodging        | 3 4 |  4.5
Fighting       | 1 |  1.8

Action                   |  1- 3 |  4- 6 |  7- 9 || total
-------------------------+-------+-------+-------++-------
Melee: Unarmed           |     2 |       |       ||     2
       Staff             |       |     2 |     3 ||     5
 Cast: Foxfire           |    74 |    97 |    68 ||   239
       Kindle Blastspark |       |     2 |     1 ||     3
       Scorch            |       |     1 |    20 ||    21
       Sting             |       |     1 |       ||     1
       Searing Ray       |       |       |     4 ||     4
  Use: Scroll            |       |     1 |     2 ||     3
Armor: Robe              |     3 |     4 |    10 ||    17
Dodge: Dodged            |    24 |    20 |    24 ||    68

Table legend: (Time is in decaauts)
 A = Elapsed time spent in this place.
 B = Non-inter-level travel time spent in this place.
 C = Inter-level travel time spent in this place.
 D = Time resting spent in this place.
 E = Time spent auto-exploring this place.
 F = Levels seen in this place.
 G = Mean time per level.
                   A        B        C        D        E       F      G
               +--------+--------+--------+--------+--------+-----+--------+
         Total |   5790 |   5600 |    190 |    366 |   4353 |   7 |  827.1 |
       Dungeon |   5771 |   5581 |    190 |    366 |   4353 |   6 |  961.8 |
        Temple |     18 |     18 |      0 |      0 |      0 |   1 |   18.0 |
               +--------+--------+--------+--------+--------+-----+--------+

Top non-repeatable levels by time:
     D:5: 1347 daAuts
     D:1: 1010 daAuts
     D:3: 951 daAuts
     D:2: 934 daAuts
     D:4: 878 daAuts
     D:6: 648 daAuts
  Temple: 18 daAuts
